 Dungeon Crawl Stone Soup version 0.20-a0-1008-g0de3dc5 (webtiles) character file.

626524 nubinia the Necromancer (level 27, -2/203 HPs)
             Began as a Bultungin Wizard on Apr 8, 2017.
             Was the Champion of Ashenzari.
             Killed from afar by a green draconian stormcaller (16 damage)
             ... on level 2 of the Realm of Zot on Apr 14, 2017.
             The game lasted 15:51:24 (84198 turns).

nubinia the Necromancer (Bultungin Wizard)         Turns: 84198, Time: 15:51:25

Health: -2/203     AC: 20    Str: 10    XL:     27
Magic:  12/39      EV: 18    Int: 35    God:    Ashenzari [******]
Gold:   6198       SH: 27    Dex: 17    Spells: 0/50 levels left

rFire    + + +     SeeInvis +   z - +8 rapier of Turmoil {pierce, rN+ MR+ Int+4 Stlth+} (curse)
rCold    + . .     Gourm    .   F - +6 large shield {AC+3} (curse)
rNeg     + + +     Faith    .   x - +3 leather armour {rF+} (curse)
rPois    +         Spirit   .   m - -2 hat of the Alchemist {rElec rPois rF+ rC+ rN+ MR+ rMut rCorr} (curse)
rElec    +         Reflect  .   q - +2 cloak {+Inv} (curse)
rCorr    +         Harm     .   a - +0 pair of gloves "Zaroh" {+Blink rElec MR+} (curse)
rMut     +         Clarity  +   n - +2 pair of boots {Stlth+} (curse)
MR       ++++.                  c - amulet of Lies {rPois rF+ rN++ Regen+} (curse)
Stlth    ++++++++..             b - ring of Xinac {rElec rPois rF+ Int+3 Dex+3} (curse)
Regen    0.9/turn               L - ring of the Death Scarab {+Blink rN+ Int+2 Stlth+} (curse)
MPRegen  0.3/turn

@: no status effects
A: short attention span, antennae 1, fangs 1, talons 1, iridescent scales 1,
large bone plates 1, thin metallic scales 1, see invisible, strong nose
}: 4/15 runes: decaying, serpentine, slimy, silver
a: Curse Item, Scrying, Transfer Knowledge, Renounce Religion, Evoke Blink,
Evoke Invisibility


You were on level 2 of the Realm of Zot.
You worshipped Ashenzari.
Ashenzari was exalted by your worship.
You were near starving.

You visited 12 branches of the dungeon, and saw 55 of its levels.
You visited the Abyss 1 time.
You also visited: Labyrinth, Trove, Sewer, Ice Cave and Volcano.

You collected 10298 gold pieces.
You spent 4100 gold pieces at shops.

Inventory:

Hand Weapons
 z - the cursed +8 rapier of Turmoil (weapon) {pierce, rN+ MR+ Int+4 Stlth+}
   (You bought it in a shop on level 1 of the Snake Pit)

   It inflicts extra damage upon your enemies.
   It affects your intelligence (+4).
   It protects you from negative energy.
   It affects your resistance to hostile enchantments.
   It makes you more stealthy.
   It has a curse placed upon it.
Missiles
 d - 1113 arrows
Armour
 a - the cursed +0 pair of gloves "Zaroh" (worn) {+Blink rElec MR+}
   (You acquired it on level 2 of the Vaults)

   It insulates you from electricity.
   It affects your resistance to hostile enchantments.
   It lets you blink.
   It has a curse placed upon it.
 m - the cursed -2 hat of the Alchemist (worn) {rElec rPois rF+ rC+ rN+ MR+ rMut rCorr}
   (You found it on level 5 of the Pits of Slime)

   It protects you from fire.
   It protects you from cold.
   It insulates you from electricity.
   It protects you from poison.
   It protects you from negative energy.
   It affects your resistance to hostile enchantments.
   It protects you from acid and corrosion.
   It protects you from mutation.
   It has a curse placed upon it.
 n - a cursed +2 pair of boots of stealth (worn)
 q - a cursed +2 cloak of invisibility (worn)
 x - a cursed +3 leather armour of fire resistance (worn)
 F - a cursed +6 large shield of protection (worn)
Jewellery
 b - the cursed ring of Xinac (left hand) {rElec rPois rF+ Int+3 Dex+3}
   (You found it in a treasure trove)

   [ring of dexterity]

   It affects your intelligence (+3).
   It affects your dexterity (+3).
   It protects you from fire.
   It insulates you from electricity.
   It protects you from poison.
   It has a curse placed upon it.
 c - the cursed amulet of Lies (around neck) {rPois rF+ rN++ Regen+}
   (You found it in a treasure trove)

   [amulet of regeneration]

   It protects you from fire.
   It protects you from poison.
   It greatly protects you from negative energy.
   It increases your rate of regeneration.
   It has a curse placed upon it.
 r - the amulet of Knowledge {rF+ MR+ Regen+ MP+9}
   (You took it off a yaktaur captain on level 5 of the Vaults)

   [amulet of regeneration]

   It protects you from fire.
   It affects your resistance to hostile enchantments.
   It affects your magic capacity (+9).
   It increases your rate of regeneration.
 H - the ring "Evehecak" {rCorr rElec MP+9 Int+6}
   (You took it off an ironbrand convoker on level 5 of the Vaults)

   [ring of resist corrosion]

   It affects your intelligence (+6).
   It insulates you from electricity.
   It affects your magic capacity (+9).
 L - the cursed ring of the Death Scarab (right hand) {+Blink rN+ Int+2 Stlth+}
   (You bought it in a shop on level 1 of the Depths)

   [ring of positive energy]

   It affects your intelligence (+2).
   It protects you from negative energy.
   It lets you blink.
   It makes you more stealthy.
   It has a curse placed upon it.
Wands
 i - a wand of iceblast (12/15)
 p - a wand of clouds (2/9)
 A - a wand of acid (11/15)
 E - a wand of iceblast (4/15)
 W - a wand of digging (3/24)
Scrolls
 e - a scroll of holy word
 h - 2 scrolls of magic mapping
 t - 15 scrolls of identify
 v - 8 scrolls of teleportation
 B - 10 scrolls of fear
 M - 7 scrolls of recharging
 U - 4 scrolls of fog
 V - 6 scrolls of blinking
Potions
 f - 3 potions of invisibility
 j - 6 potions of flight
 s - 6 potions of brilliance
 u - a potion of agility
 C - 2 potions of might
 D - 3 potions of resistance
 I - 13 potions of heal wounds
 J - 4 potions of magic
 N - 3 potions of haste
 O - 3 potions of cancellation
 S - 2 potions of berserk rage
 X - 15 potions of curing
Books
 o - a book of Spatial Translocations

   Spells                             Type                      Level
   a - Blink                          Translocation                2
   b - Shroud of Golubria             Charms/Translocation         2
   c - Lesser Beckoning               Translocation                3
   d - Gell's Gravitas                Translocation                3
   e - Teleport Other                 Translocation                3
   f - Passage of Golubria            Translocation                4
 w - the Disquisition on the Supportive Traveller
   (You found it on level 5 of the Vaults)

   Spells                             Type                      Level
   a - Shroud of Golubria             Charms/Translocation         2
   b - Call Imp                       Summoning                    2
   c - Recall                         Summoning/Translocation      3
   d - Shadow Creatures               Summoning                    6
   e - Dispersal                      Translocation                6
Miscellaneous
 k - a lamp of fire
 y - a phial of floods
 G - a lightning rod (3/4)
 K - a fan of gales
 Y - 4 sacks of spiders
 Z - 2 boxes of beasts
Comestibles
 P - 14 royal jellies
 Q - 5 meat rations
 R - a bread ration
 T - 3 fruits


   Skills:
 - Level 13.7 Fighting
 - Level 11.7(13.4) Short Blades
 - Level 3.1 Throwing
 - Level 10.1 Armour
 - Level 10.6(12.4) Dodging
 + Level 10.4(12.3) Stealth
 - Level 11.8(12.9) Shields
 - Level 8.0 Unarmed Combat
 - Level 12.4 Spellcasting
 - Level 13.1(14.7) Conjurations
   Level 8.8(11.4) Hexes
 - Level 10.5(12.4) Charms
 - Level 10.1(12.1) Summonings
 - Level 15.0(16.5) Necromancy
   Level 3.9(9.2) Translocations
 - Level 8.8(11.4) Transmutations
   Level 9.0(11.5) Fire Magic
 - Level 10.0(12.0) Ice Magic
 + Level 8.2(11.2) Air Magic
 - Level 11.8(13.5) Earth Magic
 - Level 7.7(11.0) Poison Magic
 + Level 9.6(11.8) Evocations


You couldn't memorise any spells.
You knew the following spells:

 Your Spells              Type           Power        Failure   Level  Hunger
b - Airstrike             Air            #######...   1%          4    None
c - Mephitic Cloud        Conj/Pois/Air  #######.     1%          3    None
d - Summon Lightning Spi  Summ/Air       #######.     1%          4    None
e - Sticks to Snakes      Tmut           #######.     1%          2    None
f - Passwall              Tmut/Erth      #######...   1%          2    None
h - Bolt of Draining      Conj/Necr      #######...   1%          5    None
i - Swiftness             Chrm/Air       #######.     1%          2    None
j - Dispel Undead         Necr           #######.     1%          5    None
k - Regeneration          Chrm/Necr      #######...   1%          3    None
l - Lee's Rapid Deconstr  Erth           #######...   1%          5    None
o - Ozocubu's Armour      Chrm/Ice       #######.     1%          3    None
v - Vampiric Draining     Necr           #######...   1%          3    None
C - Control Undead        Necr           #######...   1%          4    None
D - Animate Dead          Necr           N/A          1%          4    None
S - Animate Skeleton      Necr           N/A          0%          1    None


Dungeon Overview and Level Annotations

Branches:
Dungeon (15/15)            Temple (1/1) D:5            Lair (6/6) D:11
  Swamp (4/4) Lair:2        Snake (4/4) Lair:3        Slime (5/5) Lair:5
    Orc (2/2) D:10            Elf (3/3) Orc:2        Vaults (5/5) D:14
  Crypt (3/3) Vaults:2       Tomb (0/3) Crypt:3      Depths (5/5) D:15
    Zot (2/5) Depths:5

Altars:
Ashenzari
Cheibriados
Dithmenos
Elyvilon
Fedhas
Gozag
Hepliaklqana
Kikubaaqudgha
Makhleb
Nemelex Xobeh
Okawaru
Qazlal
Ru
Sif Muna
Trog
Uskayaw
Vehumet
Wu Jian
Xom
Yredelemnul
Zin
The Shining One
Jiyva

Shops:
D:4 %   D:9 (   D:14 *   Orc:2 ([*:   Snake:1 (   Vaults:2 =   Depths:1 }=
Depths:2 =   Depths:3 %   Depths:4 **[

Portals:
Hell: Depths:1 Depths:2 Depths:3 Depths:4 Depths:5
Abyss: Depths:4*
Pandemonium: Depths:3 Depths:5

Annotations:
Lair:4 exclusion: 3 oklob plants
Slime:5 Royal Jelly
Zot:2 exclusions: black draconian, orb of fire and 1 more exclusion


Innate Abilities, Weirdness & Mutations

You have a short attention span.
You have very sharp teeth.
You have supernaturally acute eyesight. (SInv)
Your uncanny sense of smell can sniff out nearby items.
You have a pair of small antennae on your head.
You have sharp toenails.
You are partially covered in iridescent scales. (AC +2)
You are partially covered in large bone plates. (SH +4)
You are partially covered in thin metallic scales. (AC +2)


Message History

The purple draconian breathes dispelling energy at you.
The bolt of dispelling energy hits you!
* * * LOW HITPOINT WARNING * * *
The rime drake breathes ice at you. You block the flash freeze.
The green draconian stormcaller mumbles some strange prayers to Qazlal against you.
Qazlal smites you!
* * * LOW HITPOINT WARNING * * *
The wind drake flaps its wings at you. The air twists around and strikes you!
* * * LOW HITPOINT WARNING * * *
The rime drake breathes ice at you. The flash freeze misses you.
Your blink will be uncontrolled - continue anyway?
Okay, then.
As you read the scroll of fog, it crumbles to dust.
The scroll dissolves into smoke.
The green draconian stormcaller calls down the wrath of Qazlal upon you.
The blast of rubble hits you!
You die...

##.# , ∆ *, ####..# * , , {≈{
.....## ######### , * { ###...#
#.......## {, * , * ##..#
###.....#..# { ≈ ,{ # ###...#
#...#####.#### ≈ , ≈≈ ## ...####
#.........#..##** * ##. #..#
#......§§§....#########d.
#########......§@§..k.k.d........
.........[.....§§§..lk.q.........
#."..............................
#####.<..........#...............
##############.............## #
#............## #####
#..........### ....# #........###
##### ##########


You could see a green draconian stormcaller, a wind drake, a komodo dragon and 2
rime drakes.

Vanquished Creatures
  Mara (Depths:4)
  A juggernaut (Depths:5)
  3 greater mummies (Depths:3)
  Frederick (Vaults:5)
  A caustic shrike (Depths:1)
  A curse toe (Crypt:3)
  5 golden dragons
  2 bone dragons
  Jorgrun (Vaults:1)
  2 deep elf blademasters
  6 liches
  4 tentacled monstrosities
  A quicksilver dragon (Vaults:4)
  2 titans (Vaults:4)
  8 acid blobs
  2 deep elf master archers (Elf:3)
  6 ancient champions
  7 sphinxes
  2 death cobs (Zot:1)
  6 shadow dragons
  Donald (Slime:4)
  2 thorn hunters (Swamp:4)
  5 storm dragons
  A draconian monk (Zot:1)
  2 revenants
  6 tengu reavers
  6 deep elf sorcerers
  5 azure jellies
  9 nagarajas
  2 iron dragons
  A draconian knight (Zot:1)
  13 fire giants
  13 vault wardens
  9 frost giants
  2 draconian scorchers
  2 caustic shrike zombies (Crypt:2)
  7 deep elf elementalists
  14 ironheart preservers
  An orc warlord (Orc:2)
  3 curse skulls
  9 ghouls
  2 entropy weavers (Vaults:4)
  2 spriggan defenders (Depths:5)
  A draconian stormcaller (Zot:2)
  2 war gargoyles
  24 stone giants
  15 very ugly things
  A juggernaut skeleton (Crypt:1)
  13 vampire knights
  3 green draconians
  Nessos (Lair:4)
  8 deep elf demonologists
  3 white draconians
  16 deep elf annihilators
  3 purple draconians
  A lorocyproca (Depths:3)
  2 yellow draconians (Zot:1)
  The ghost of dxctxrx the Arsonist, a journeyman OpFE of Vehumet (Lair:5)
  A red draconian (Volcano)
  12 spark wasps
  9 deep elf death magi
  An eidolon (Crypt:2)
  4 mummy priests
  A blizzard demon (IceCv)
  13 jiangshi
  8 ettins
  4 fire dragons
  A minotaur (Lab)
  7 ice dragons
  12 great orbs of eyes
  A quicksilver dragon skeleton (Crypt:3)
  30 vault guards
  4 deep elf high priests
  6 rakshasas
  16 naga warriors
  Erolcha (D:11)
  14 yaktaur captains
  A ghost crab (Swamp:4)
  11 hydras
  Fannar (Lair:2)
  8 centaur warriors
  Erica (D:8)
  6 spriggan air magi
  14 anacondas
  3 alligators
  5 death knights
  24 dancing weapons
  A titan zombie (Crypt:3)
  3 tengu warriors
  4 vampire magi
  14 ogre magi
  9 naga sharpshooters
  4 deep troll earth magi
  32 two-headed ogres
  6 death yaks (Lair:6)
  9 shock serpents
  7 deep troll shamans
  A shock serpent (shapeshifter) (Depths:1)
  6 orc high priests (Orc:2)
  A soul eater (Abyss:1)
  29 deep elf knights
  2 sun demons
  8 hell knights (Depths:5)
  15 skeletal warriors
  4 salamander mystics
  36 deep trolls
  2 shadow wraiths
  An iron troll (Depths:5)
  An anaconda zombie (Crypt:1)
  7 wizards
  2 spectral hydras (Swamp:4)
  7 glowing orange brains
  2 storm dragon skeletons
  6 naga ritualists
  A spriggan druid (Swamp:3)
  3 unseen horrors
  18 ironbrand convokers
  2 wolf spider zombies
  9 flayed ghosts
  A harpy (shapeshifter) (Vaults:1)
  2 shambling mangroves (Swamp:2)
  Pikel (D:5)
  69 deep elf magi
  17 phantasmal warriors
  3 mana vipers (Snake:3)
  13 deep elf archers
  3 wolf spiders
  6 necromancers
  12 orc knights
  A shining eye (Slime:5)
  A swamp dragon (Swamp:3)
  A golden dragon skeleton (Abyss:1)
  8 orc sorcerers
  A fire giant zombie (Depths:1)
  4 manticores
  An oklob plant (Lair:2)
  3 moths of wrath
  A manticore (shapeshifter) (Depths:2)
  A frost giant zombie (Depths:1)
  A dire elephant zombie (Abyss:1)
  19 salamanders
  A worldbinder (Abyss:1)
  41 ugly things
  6 cyclopes
  33 black mambas
  2 smoke demons
  A centaur zombie (D:11)
  16 guardian serpents
  10 vault sentinels
  13 elephants
  Joseph (D:8)
  2 molten gargoyles (Volcano)
  29 naga magi
  2 rust devils
  2 eyes of devastation
  Psyche (D:8)
  52 yaktaurs
  18 spiny frogs
  5 komodo dragons
  An efreet (Abyss:1)
  11 freezing wraiths
  2 yaktaurs (shapeshifter)
  4 rime drakes
  An anaconda simulacrum (Crypt:3)
  A hellwing (Depths:3)
  A tormentor (Depths:5)
  An ancient zyme (Abyss:1)
  8 guardian mummies (Crypt:3)
  12 ice devils (IceCv)
  A red devil (Depths:3)
  3 tengu conjurers
  3 hydra zombies (Swamp:4)
  A queen bee (shapeshifter) (Vaults:2)
  A wind drake (shapeshifter) (Depths:5)
  6 trolls
  A polar bear (Vaults:1)
  2 meliai (D:15)
  4 tyrant leeches
  A troll (shapeshifter) (Vaults:1)
  16 hornets
  A wolf spider simulacrum (D:14)
  A snapping turtle (shapeshifter) (Vaults:5)
  A spectral swamp dragon (Swamp:4)
  8 bog bodies
  3 alligator zombies (Swamp:4)
  6 hippogriffs
  13 blink frogs
  An iron dragon simulacrum (Crypt:3)
  75 slime creatures
  A frost giant simulacrum (Crypt:3)
  A meliai zombie (Crypt:3)
  A fire giant simulacrum (Vaults:1)
  An ettin zombie (Crypt:1)
  A flying skull (Abyss:1)
  An ettin skeleton (Crypt:3)
  7 spriggans
  4 shadows
  4 wyverns
  4 redbacks
  2 vampires (Vaults:2)
  A ynoxinul (Abyss:1)
  4 water elementals
  3 air elementals
  A human (shapeshifter) (Depths:1)
  A wind drake zombie (Crypt:1)
  13 wraiths
  2 large abominations (Depths:4)
  36 yaks
  4 ushabtiu (Crypt:3)
  A yak (shapeshifter) (Depths:1)
  10 humans (D:14)
  5 golden eyes (Slime:5)
  A golden eye (shapeshifter) (Depths:3)
  4 fire elementals
  2 hogs (shapeshifter)
  4 fire bats
  5 basilisks
  A hungry ghost (D:8)
  A steam dragon (D:14)
  A chaos spawn (Abyss:1)
  A neqoxec (Abyss:1)
  A yaktaur simulacrum (Vaults:3)
  9 wargs
  17 vampire mosquitoes
  3 soldier ants
  3 small abominations (Abyss:1)
  10 insubstantial wisps (Swamp:4)
  A soldier ant (shapeshifter) (Vaults:1)
  A swamp worm (shapeshifter) (Vaults:1)
  A two-headed ogre zombie (Crypt:2)
  13 swamp worms
  A naga (shapeshifter) (Vaults:2)
  6 acid dragons
  58 nagas
  A floating eye (shapeshifter) (Vaults:3)
  14 water moccasins
  4 hell hounds (Abyss:1)
  2 floating eyes
  39 orc warriors
  6 porcupines
  An elephant zombie (Crypt:2)
  3 black bears
  A hornet zombie (Crypt:3)
  2 ice beasts
  6 sky beasts
  A slave (D:5)
  A swamp drake (Swamp:4)
  7 necrophages
  13 phantoms
  5 swamp dragon zombies
  12 boggarts
  An elephant skeleton (Crypt:1)
  4 eyes of draining
  29 ogres
  7 centaurs
  4 wolves
  A hog zombie (Crypt:2)
  11 crocodiles
  A big kobold (D:14)
  A komodo dragon zombie (Crypt:1)
  Blork the orc (D:4)
  12 bullfrogs
  2 earth elementals (Elf:1)
  A wyvern zombie (D:14)
  A yaktaur skeleton (Depths:1)
  A warg zombie (Crypt:2)
  A spriggan zombie (Crypt:1)
  A wyvern skeleton (Crypt:1)
  A polar bear zombie (Crypt:2)
  3 scorpions
  A spriggan skeleton (Crypt:2)
  10 killer bees
  3 howler monkeys
  A wolf zombie (Crypt:1)
  A wight (D:11)
  An electric eel (Lair:2)
  8 crimson imps
  3 lava snakes (Volcano)
  Crazy Yiuf (D:2)
  A bullfrog skeleton (D:7)
  4 hounds
  29 orc wizards
  32 orc priests
  7 centaur skeletons
  9 jellies
  An iron imp (Abyss:1)
  A basilisk skeleton (Crypt:2)
  Ijyb (D:5)
  7 iguanas
  An iguana (shapeshifter) (D:3)
  3 spectral swamp drakes (Swamp:4)
  7 worker ants
  An ogre zombie (Crypt:3)
  A naga skeleton (Crypt:2)
  An ogre skeleton (Crypt:2)
  4 worker ant zombies
  7 gnolls
  2 swamp drake zombies (Swamp:4)
  11 adders
  A river rat (D:6)
  A swamp drake skeleton (Crypt:3)
  3 shadow imps
  7 white imps
  7 ufetubi
  2 oozes
  2 adder zombies
  An iguana zombie (Crypt:2)
  2 worms
  8 leopard geckos
  125 orcs
  6 giant cockroaches
  10 hobgoblins
  11 jackals
  7 quokkas
  2 ball pythons
  9 bats
  5 frilled lizards
  5 goblins
  A jackal skeleton (D:4)
  11 kobolds
  An orc skeleton (Crypt:3)
  2 quokka skeletons
  4 rats
  2 briar patches (Swamp:4)
  A butterfly (Lair:1)
  A crawling corpse (Elf:3)
  3 fungi
  2 plants
2192 creatures vanquished.

Vanquished Creatures (collateral kills)
  Mennas (Vaults:5)
  A juggernaut (Depths:2)
  3 golden dragons
  A bone dragon (Depths:5)
  2 tentacled monstrosities
  2 titans
  2 acid blobs
  2 sphinxes
  2 tengu reavers (Vaults:5)
  4 nagarajas (Snake:4)
  2 vault wardens (Vaults:5)
  4 fire giants
  A frost giant (Depths:2)
  2 deep elf sorcerers
  A draconian scorcher (Zot:2)
  A balrug (Depths:4)
  2 iron dragons
  Aizul (Elf:3)
  3 ghouls (Crypt:3)
  A draconian shifter (Zot:1)
  9 ironheart preservers
  7 stone giants
  2 entropy weavers
  A vampire knight (Depths:2)
  11 very ugly things
  2 black draconians
  A red draconian (Zot:2)
  3 deep elf annihilators
  A dire elephant (Lair:6)
  2 spark wasps
  A purple draconian (Zot:2)
  A mummy priest (Depths:3)
  3 deep elf death magi
  4 ettins
  Josephine (D:11)
  3 deep elf high priests
  A yaktaur captain (Vaults:4)
  3 fire dragons
  2 great orbs of eyes
  4 ice dragons
  5 vault guards
  2 anacondas
  2 hydras (Swamp:3)
  2 naga warriors
  3 catoblepae
  2 centaur warriors
  A death knight (D:14)
  10 two-headed ogres
  3 spriggan berserkers (Depths:5)
  A deep troll shaman (Vaults:5)
  2 ogre magi
  A death yak (shapeshifter) (Depths:2)
  3 alligators
  A vampire mage (Depths:1)
  A death yak (Lair:6)
  3 deep troll earth magi
  2 shock serpents (Snake:3)
  A sun demon (Depths:4)
  A deep elf knight (Elf:1)
  9 naga sharpshooters
  An iron troll (Depths:4)
  A hell knight (Depths:2)
  A sixfirhy (Depths:5)
  4 wizards
  11 deep trolls
  2 salamander mystics
  5 skeletal warriors
  A swamp dragon (Lair:2)
  A flayed ghost (Vaults:4)
  2 naga ritualists
  A glowing orange brain (Depths:1)
  A deep elf archer (Elf:1)
  A necromancer (Depths:1)
  5 orc knights
  A phantasmal warrior (Depths:2)
  A mana viper (Snake:3)
  An ironbrand convoker (Vaults:5)
  A lindwurm (Lair:6)
  5 ugly things
  An orc sorcerer (D:12)
  2 cyclopes
  5 deep elf magi
  A manticore (Lair:6)
  11 salamanders
  6 black mambas
  2 centaur zombies (D:15)
  A guardian serpent (shapeshifter) (Depths:2)
  5 elephants
  6 naga magi
  3 guardian serpents
  11 spiny frogs
  An orange demon (Depths:5)
  2 vault sentinels (Vaults:1)
  A gargoyle (D:11)
  2 freezing wraiths
  9 yaktaurs
  A swamp worm zombie (Swamp:4)
  An ice devil (Depths:5)
  3 guardian mummies (Crypt:3)
  3 trolls
  An ancient zyme (Abyss:1)
  3 hornets
  A tengu conjurer (Depths:5)
  A meliai (shapeshifter) (Vaults:5)
  A meliai (D:15)
  A jumping spider (shapeshifter) (Vaults:2)
  2 minotaur zombies (Lab)
  Prince Ribbit (D:8)
  13 blink frogs
  2 hippogriffs (Lair:6)
  An alligator zombie (Swamp:4)
  3 bog bodies
  A tyrant leech (Swamp:2)
  2 dream sheep (Lair:6)
  A blink frog (shapeshifter) (Depths:4)
  5 slime creatures
  4 redbacks (Vaults:4)
  An air elemental (Depths:5)
  A vampire (Vaults:2)
  5 spriggans
  A water elemental (Elf:1)
  7 humans (D:14)
  9 yaks
  3 wraiths
  A basilisk (shapeshifter) (Depths:2)
  A hungry ghost (D:9)
  A golden eye (Slime:5)
  3 basilisks
  7 vampire mosquitoes
  An insubstantial wisp (Swamp:4)
  18 nagas
  5 swamp worms
  2 wargs
  2 porcupines
  An infernal demonspawn skeleton (Crypt:3)
  A soldier ant (D:10)
  3 water moccasins
  A swamp drake (Swamp:2)
  11 orc warriors
  2 phantoms (Swamp:4)
  An eye of draining (shapeshifter) (Depths:5)
  4 ogres
  2 wolves
  A necrophage (Crypt:3)
  4 crocodiles
  2 bullfrogs
  A killer bee (D:10)
  2 wights (D:11)
  An electric eel (Lair:2)
  A hound (D:8)
  4 orc priests
  3 orc wizards
  A worker ant (D:8)
  A gnoll (D:3)
  A gnoll (shapeshifter) (Depths:2)
  An adder (D:11)
  14 orcs
  A hobgoblin (D:3)
  2 jackals (D:3)
  A quokka (D:2)
  A crawling corpse (Elf:3)
  4 fungi
  5 plants
466 creatures vanquished.

Vanquished Creatures (others)
  A titan (Vaults:5)
  A draconian knight (Depths:5)
  A draconian scorcher (Zot:1)
  A draconian annihilator (Zot:1)
  2 deep elf high priests (Elf:3)
  A deep troll earth mage (Depths:5)
  A deep elf knight (Elf:2)
  A deep elf archer (Elf:1)
  3 deep elf magi
  A black mamba (Snake:4)
  A naga mage (Snake:3)
  10 yaktaurs
  3 air elementals (Depths:4)
  3 humans (D:14)
  A swamp worm (Swamp:4)
  A naga (Snake:3)
  A slave (D:5)
  An ogre (Vaults:4)
  An orc priest (Vaults:1)
  A worker ant (D:8)
  3 white imps (IceCv)
  3 ufetubi (IceCv)
  2 orcs
  13 fungi
  4 plants
61 creatures vanquished.

Grand Total: 2719 creatures vanquished

Notes
Turn   | Place    | Note
-------+----------+-------------------------------------------
     0 | D:1      | nubinia the Bultungin Wizard began the quest for the Orb.
     0 | D:1      | Reached XP level 1. HP: 13/13 MP: 6/6
    55 | D:1      | Reached skill level 5 in Spellcasting
   691 | D:1      | Reached XP level 2. HP: 19/19 MP: 5/8
  1014 | D:2      | Reached XP level 3. HP: 24/24 MP: 5/10
  1175 | D:2      | Found a bloodstained altar of Trog.
  1406 | D:2      | Reached skill level 1 in Armour
  1685 | D:2      | Learned a level 1 spell: Animate Skeleton
  1747 | D:2      | Reached XP level 4. HP: 30/30 MP: 9/12
  1752 | D:2      | Learned a level 3 spell: Mephitic Cloud
  1799 | D:2      | Found a runed door.
  1832 | D:2      | Noticed Crazy Yiuf
  1850 | D:2      | Killed Crazy Yiuf
  1850 | D:2      | Reached skill level 1 in Poison Magic
  1910 | D:2      | Reached skill level 1 in Air Magic
  2227 | D:3      | Reached XP level 5. HP: 32/35 MP: 14/14
  2563 | D:3      | Reached skill level 1 in Necromancy
  2623 | D:3      | Reached skill level 1 in Fighting
  2623 | D:3      | Reached XP level 6. HP: 43/43 MP: 3/16
  2862 | D:3      | Reached skill level 2 in Necromancy
  3338 | D:4      | Noticed a phantom
  3444 | D:3      | Killed a phantom
  3444 | D:3      | Reached skill level 1 in Long Blades
  3444 | D:3      | Reached skill level 3 in Necromancy
  3444 | D:3      | Reached XP level 7. HP: 33/50 MP: 18/18
  4093 | D:4      | Noticed Blork the orc
  4095 | D:4      | Found Pirghouky's Food Shop.
  4138 | D:4      | Killed Blork the orc
  4316 | D:5      | Entered Level 5 of the Dungeon
  4390 | D:5      | Reached XP level 8. HP: 56/57 MP: 10/20
  4491 | D:5      | Noticed Pikel
  4503 | D:5      | Noticed Ijyb
  4522 | D:5      | Killed Pikel
  4522 | D:5      | Reached skill level 5 in Long Blades
  4522 | D:5      | Reached skill level 5 in Dodging
  4522 | D:5      | Reached skill level 5 in Conjurations
  4522 | D:5      | Reached skill level 4 in Necromancy
  4528 | D:5      | Killed Ijyb
  4851 | D:5      | Reached skill level 5 in Stealth
  4989 | D:5      | Found a faded altar of an unknown god.
  4992 | D:5      | Found a staircase to the Ecumenical Temple.
  5002 | Temple   | Entered the Ecumenical Temple
  5096 | Temple   | Became a worshipper of Ashenzari the Shackled
  5316 | D:6      | Reached XP level 9. HP: 40/63 MP: 12/21
  5487 | D:6      | Found a glowing drain.
  5530 | Sewer    | Entered a sewer
  6223 | D:7      | Learned a level 3 spell: Conjure Flame
  6270 | D:7      | Noticed a two-headed ogre
  6283 | D:7      | Killed a two-headed ogre
  6283 | D:7      | Reached skill level 1 in Evocations
  6314 | D:7      | Reached * piety under Ashenzari
  6344 | D:7      | Learned a level 3 spell: Vampiric Draining
  6502 | D:7      | Learned a level 4 spell: Control Undead
  6834 | D:7      | Reached XP level 10. HP: 73/73 MP: 13/23
  6972 | D:7      | Reached skill level 5 in Necromancy
  7066 | D:8      | Noticed Psyche
  7092 | D:8      | Killed Psyche
  7289 | D:8      | Reached skill level 5 in Armour
  7289 | D:8      | Reached skill level 6 in Necromancy
  7311 | D:8      | Learned a level 4 spell: Animate Dead
  7532 | D:8      | Noticed Prince Ribbit
  7533 | D:8      | Reached skill level 5 in Fighting
  7542 | D:8      | Killed Prince Ribbit
  7571 | D:8      | Identified the +8 dagger of Animal Spirits {antimagic, +Inv rElec Stlth+}
  7571 | D:8      | Noticed Joseph
  7581 | D:8      | Killed Joseph
  7581 | D:8      | Reached skill level 7 in Necromancy
  7623 | D:8      | Noticed Erica
  7650 | D:8      | Killed Erica
  7807 | D:9      | Found Fap Aby's Antique Weapon Shop.
  7817 | D:9      | Reached ** piety under Ashenzari
  8064 | D:9      | Reached skill level 5 in Air Magic
  8073 | D:9      | Reached XP level 11. HP: 78/81 MP: 17/24
  8439 | D:10     | Entered Level 10 of the Dungeon
  8557 | D:10     | Found a staircase to the Orcish Mines.
  8589 | D:10     | Reached skill level 8 in Necromancy
  8900 | D:10     | Noticed a manticore
  8900 | D:10     | a soldier ant changed into a manticore
  8902 | D:10     | Reached skill level 1 in Shields
  9379 | D:10     | Learned a level 2 spell: Blink
  9414 | Orc:1    | Entered Level 1 of the Orcish Mines
  9414 | Orc:1    | Noticed an orc knight
  9432 | D:10     | Reached skill level 1 in Fire Magic
  9464 | D:10     | Killed an orc knight
  9608 | D:10     | Reached skill level 9 in Necromancy
  9639 | Orc:1    | Noticed an orc knight
  9679 | D:10     | Killed an orc knight
  9926 | Orc:1    | Reached *** piety under Ashenzari
 10359 | Orc:2    | Entered Level 2 of the Orcish Mines
 10489 | Orc:2    | Found a labyrinth entrance.
 10504 | Lab      | Entered a labyrinth
 10637 | Lab      | Noticed a minotaur
 10645 | Lab      | Killed a minotaur
 10703 | Orc:2    | Found a staircase to the Elven Halls.
 10930 | Orc:2    | Reached **** piety under Ashenzari
 10945 | Orc:2    | Noticed an orc high priest
 10969 | Orc:2    | Noticed an orc sorcerer
 11107 | D:11     | Reached XP level 12. HP: 92/92 MP: 13/25
 11178 | D:11     | Noticed a two-headed ogre
 11185 | D:11     | Killed a two-headed ogre
 11291 | D:11     | Noticed Erolcha
 11301 | D:11     | Killed Erolcha
 11509 | D:11     | Reached skill level 5 in Poison Magic
 11653 | D:11     | Reached skill level 10 in Necromancy
 11849 | D:11     | Noticed Josephine
 11857 | D:11     | Killed Josephine
 12114 | D:11     | Found a staircase to the Lair.
 12681 | D:11     | Reached skill level 5 in Shields
 12735 | D:11     | Upgraded the game from 0.20-a0-971-g5896763 to 0.20-a0-972-gb9bd3e6
 12776 | Lair:1   | Entered Level 1 of the Lair of Beasts
 12802 | Lair:1   | Identified the +7 long sword of Punishment {venom, *Drain +Fly Str+3}
 13122 | Lair:1   | Identified the +6 war axe "Ylaraos" {venom, rC+ Dex+3}
 13352 | Lair:2   | Reached ***** piety under Ashenzari
 13352 | Lair:2   | Noticed a four-headed hydra
 13358 | Lair:2   | Killed a four-headed hydra
 13358 | Lair:2   | Reached XP level 13. HP: 101/101 MP: 21/26
 13599 | Lair:2   | Noticed Fannar
 13618 | Lair:2   | Killed Fannar
 13947 | Lair:2   | Found a staircase to the Swamp.
 15056 | Lair:3   | Reached skill level 5 in Evocations
 15176 | Lair:3   | Found a hazy altar of Hepliaklqana.
 15442 | Lair:3   | Found a staircase to the Snake Pit.
 16153 | Lair:4   | Noticed Nessos
 16169 | Lair:4   | Killed Nessos
 16275 | Lair:4   | Learned a level 3 spell: Dazzling Spray
 16323 | Lair:4   | Reached skill level 1 in Hexes
 16357 | Lair:4   | Reached XP level 14. HP: 108/108 MP: 8/27
 16367 | Lair:4   | Learned a level 3 spell: Confuse
 16370 | Lair:4   | Learned a level 2 spell: Ensorcelled Hibernation
 16493 | Lair:4   | Learned a level 4 spell: Cause Fear
 16758 | Lair:5   | Noticed dxctxrx's ghost (journeyman OpFE)
 16946 | Orc:2    | Paralysed by an orc sorcerer for 3 turns
 17201 | Orc:2    | Paralysed by an orc sorcerer for 5 turns
 17224 | Orc:2    | Found Angicuci's Book Shoppe.
 17224 | Orc:2    | Reached ****** piety under Ashenzari
 17227 | Orc:2    | Bought a book of Air for 420 gold pieces
 17270 | Orc:2    | Reached skill level 5 in Hexes
 17466 | Orc:2    | Learned a level 2 spell: Swiftness
 17741 | Orc:2    | Found Fobycu's General Store.
 17764 | Orc:2    | Found Verhot's Antique Weapon Emporium.
 17774 | Orc:2    | Noticed an orc warlord
 17794 | Orc:2    | Killed an orc warlord
 18018 | Swamp:1  | Entered Level 1 of the Swamp
 19433 | Lair:5   | Killed dxctxrx's ghost
 19635 | Lair:5   | Found a basalt altar of Yredelemnul.
 19887 | Lair:5   | Reached skill level 10 in Armour
 20179 | Lair:5   | Found a staircase to the Slime Pits.
 20288 | Lair:6   | Entered Level 6 of the Lair of Beasts
 20358 | Lair:6   | Found a dark tunnel.
 20404 | Volcano  | Entered a volcano
 20512 | Volcano  | Found a burning altar of Makhleb.
 20524 | Volcano  | Noticed a red draconian
 20532 | Volcano  | Killed a red draconian
 20664 | Volcano  | Reached XP level 15. HP: 113/113 MP: 28/28
 20692 | Lair:6   | Learned a level 4 spell: Airstrike
 20832 | Lair:6   | Identified a scroll of acquirement
 21363 | Lair:6   | Reached skill level 10 in Hexes
 21438 | Lair:6   | Reached skill level 5 in Fire Magic
 22197 | Swamp:2  | Identified the cursed +3 morningstar of Patterns {freeze, *Noise rN+++ Str-5 Int+7}
 23744 | Orc:2    | Reached skill level 1 in Throwing
 23744 | Orc:2    | Reached skill level 1 in Unarmed Combat
 23744 | Orc:2    | Reached skill level 1 in Charms
 23886 | Orc:2    | Reached skill level 1 in Ice Magic
 24173 | Orc:2    | Found Hisu's Antique Armour Boutique.
 24654 | Snake:1  | Entered Level 1 of the Snake Pit
 24884 | Snake:1  | Found Moeshe Vups's Weapon Emporium.
 25135 | Snake:1  | Learned a level 3 spell: Ignite Poison
 25435 | Snake:1  | Reached skill level 1 in Transmutations
 25574 | Snake:1  | Reached XP level 16. HP: 67/120 MP: 3/29
 25724 | Snake:2  | Identified the +5 long sword of Leyfiubo {vamp, Int+6 Dex+4}
 25855 | Snake:2  | Reached skill level 5 in Transmutations
 26381 | Snake:2  | Noticed a nagaraja
 26392 | Snake:2  | Killed a nagaraja
 27508 | Snake:3  | Reached skill level 5 in Ice Magic
 27654 | Snake:3  | Reached skill level 5 in Unarmed Combat
 27705 | Snake:3  | Reached skill level 5 in Charms
 27883 | Snake:3  | Noticed a nagaraja
 27896 | Snake:3  | Killed a nagaraja
 28241 | Snake:3  | Noticed a nagaraja
 28256 | Snake:3  | Killed a nagaraja
 29654 | Snake:3  | Upgraded the game from 0.20-a0-972-gb9bd3e6 to 0.20-a0-984-ge8aa303
 29721 | Snake:4  | Entered Level 4 of the Snake Pit
 29734 | Snake:3  | Reached XP level 17. HP: 98/125 MP: 26/30
 32038 | Snake:4  | Reached skill level 10 in Ice Magic
 32558 | Snake:4  | Gained mutation: You possess an exceptional clarity of mind. [potion of mutation]
 32558 | Snake:4  | Gained mutation: You have large cloven feet. [potion of mutation]
 32558 | Snake:4  | Gained mutation: You are robust. (+10% HP) [potion of mutation]
 32585 | Snake:4  | Reached skill level 10 in Charms
 33679 | Snake:4  | Reached XP level 18. HP: 91/145 MP: 4/31
 34024 | Snake:4  | Reached skill level 5 in Summonings
 34049 | Snake:4  | Got a serpentine rune of Zot
 34306 | Snake:1  | Bought the +8 rapier of Turmoil {pierce, rN+ MR+ Int+4 Stlth+} for 962 gold pieces
 34550 | Orc:2    | Bought a book of Death for 840 gold pieces
 34557 | Orc:2    | Learned a level 5 spell: Bolt of Draining
 34604 | Elf:1    | Entered Level 1 of the Elven Halls
 34609 | Elf:1    | Reached skill level 1 in Short Blades
 35196 | Swamp:4  | Entered Level 4 of the Swamp
 35231 | Swamp:4  | Reached skill level 5 in Short Blades
 35346 | Swamp:4  | Noticed a tentacled monstrosity
 35664 | Swamp:3  | Killed a tentacled monstrosity
 35832 | Swamp:4  | Reduced skill Long Blades to level 5
 36101 | Swamp:4  | Reached skill level 10 in Spellcasting
 36418 | Swamp:4  | Noticed a bone dragon
 36442 | Swamp:4  | Killed a bone dragon
 37515 | Swamp:4  | Got a decaying rune of Zot
 37812 | D:12     | Found a sparkling altar of Nemelex Xobeh.
 38245 | D:12     | Paralysed by an orc sorcerer for 7 turns
 39292 | D:14     | Found a gate to the Vaults.
 39422 | D:14     | Found a shimmering altar of Xom.
 39587 | D:14     | Found a shimmering altar of Xom.
 39588 | D:14     | Found a shimmering altar of Xom.
 39589 | D:14     | Found a shimmering altar of Xom.
 39657 | D:14     | Found an opulent altar of Gozag.
 39660 | D:14     | Found Gozag's Platinum Reserve.
 39773 | Vaults:1 | Entered Level 1 of the Vaults
 39883 | Vaults:1 | Reached XP level 19. HP: 154/154 MP: 33/33
 39950 | Vaults:1 | Noticed Jorgrun
 39958 | Vaults:1 | Killed Jorgrun
 40004 | Vaults:1 | Reduced skill Long Blades to level 1
 40166 | Vaults:1 | Reached skill level 10 in Short Blades
 40176 | Vaults:1 | Reached skill level 10 in Fighting
 41469 | Vaults:1 | Upgraded the game from 0.20-a0-984-ge8aa303 to 0.20-a0-993-gba41c3c
 41672 | Vaults:2 | Reached skill level 10 in Conjurations
 42231 | Vaults:2 | Identified the cursed +0 pair of gloves "Zaroh" {+Blink rElec MR+} (You acquired it on level 2 of the Vaults)
 43319 | Vaults:2 | Reached XP level 20. HP: 162/162 MP: 13/35
 43394 | Vaults:2 | Found Iryawk's Jewellery Shop.
 43477 | Vaults:2 | Bought a cursed +5 ring of evasion for 884 gold pieces
 43663 | Vaults:2 | Found a staircase to the Crypt.
 44951 | Vaults:3 | Lost mutation: You possess an exceptional clarity of mind. [potion of mutation]
 44951 | Vaults:3 | Lost mutation: You are robust. (+10% HP) [potion of mutation]
 44951 | Vaults:3 | Gained mutation: You are partially covered in thin metallic scales. (AC +2) [potion of mutation]
 44951 | Vaults:3 | Gained mutation: Your flesh is cold resistant. (rC+) [potion of mutation]
 45473 | Vaults:4 | Learned a level 5 spell: Dispel Undead
 45539 | Vaults:4 | Upgraded the game from 0.20-a0-993-gba41c3c to 0.20-a0-1000-g0e8f6bb
 45720 | Vaults:4 | Reached skill level 11 in Necromancy
 46432 | Vaults:4 | Noticed a Tzitzimitl
 47364 | Vaults:4 | Reached XP level 21. HP: 125/157 MP: 20/36
 48047 | D:15     | Entered Level 15 of the Dungeon
 48541 | D:15     | Found a staircase to the Depths.
 49087 | Depths:1 | Entered Level 1 of the Depths
 50113 | Depths:1 | Found a gateway to a ziggurat.
 50539 | Depths:1 | Found Oxufaf's Gadget Shop.
 50540 | Depths:1 | Found Jeteoj's Jewellery Emporium.
 50545 | Depths:1 | Found Errouth's Gadget Shop.
 50557 | Depths:1 | Bought the ring of the Death Scarab {+Blink rN+ Int+2 Stlth+} for 574 gold pieces
 51877 | Vaults:4 | Learned a level 2 spell: Sticks to Snakes
 52074 | Lair:2   | Learned a level 3 spell: Regeneration
 52285 | Elf:1    | Identified the +1 robe of Defence {rElec rPois rN+ MR-} (You took it off a deep elf archer on level 1 of the Elven Halls)
 52592 | Elf:1    | Reached skill level 12 in Necromancy
 52803 | Elf:1    | Reduced skill Summonings to level 5
 52931 | Elf:1    | Identified the Tome of the Tuna
 53350 | Elf:2    | Found a portal to a secret trove of treasure.
 53380 | Trove    | Entered a treasure trove
 53383 | Trove    | Identified the ring of Xinac {rElec rPois rF+ Int+3 Dex+3}
 53383 | Trove    | Identified the amulet of Lies {rPois rF+ rN++ Regen+}
 53385 | Trove    | Identified the cursed ring "Saaxt" {rElec MP+9}
 53385 | Trove    | Identified the cursed amulet of Vehumet's Envy {Spirit Str+6 Dex-2 Stlth+}
 53385 | Trove    | Identified the cursed ring "Tepi" {rF+ rC+ MP+9 Int-4}
 53385 | Trove    | Identified the ring of Salvation {+Inv rPois rF+ Str+3}
 53787 | Elf:2    | Found a runed gate.
 53789 | Elf:2    | Found a runed gate.
 53789 | Elf:2    | Found a runed gate.
 54306 | Elf:3    | Entered Level 3 of the Elven Halls
 54353 | Elf:3    | Found a frozen archway.
 54401 | IceCv    | Entered an ice cave
 54564 | IceCv    | Reached XP level 22. HP: 167/167 MP: 22/37
 55028 | Elf:3    | Noticed Aizul
 55041 | Elf:3    | Killed Aizul
 58253 | Elf:3    | Identified the +10 quick blade "Etuannol" {pierce, *Corrode +Inv rPois rN+++} (You took it off a deep elf demonologist on level 3 of the Elven Halls)
 58489 | Elf:3    | Identified the +7 battleaxe "Earthworm" {drain, MR+ MP+9} (You took it off a deep elf high priest on level 3 of the Elven Halls)
 58584 | Elf:3    | Identified the +0 helmet "Adigaim" {MR+ Regen+}
 59143 | Crypt:1  | Entered Level 1 of the Crypt
 59447 | Crypt:1  | Reached skill level 13 in Necromancy
 60174 | Crypt:2  | Reached XP level 23. HP: 174/174 MP: 32/38
 60340 | Crypt:2  | Identified the +8 chain mail of Xubimp {MR- Str+8}
 60906 | Crypt:2  | Learned a level 4 spell: Summon Lightning Spire
 61231 | Crypt:3  | Entered Level 3 of the Crypt
 61669 | Crypt:3  | Identified the +5 hunting sling of the Shrike {velocity, *Contam rN+ Dex+4}
 62406 | Crypt:3  | Identified the ring "Pola" {rElec rC++ rN+ Str-2 Int+2} (You took it off a skeletal warrior on level 3 of the Crypt)
 62585 | Crypt:3  | Noticed a curse toe
 62589 | Crypt:3  | Killed a curse toe
 62819 | Crypt:3  | Identified the ring "Ongubb" {rF+ rN+ Int+2 Dex-5} (You took it off a skeletal warrior on level 3 of the Crypt)
 62894 | Crypt:3  | Found a basalt altar of Yredelemnul.
 62900 | Crypt:3  | Found an ancient bone altar of Kikubaaqudgha.
 62922 | Crypt:3  | Identified the ring "Wewo" {*Slow +Blink rN+ MR- Dex+5}
 63004 | Crypt:3  | Reached skill level 14 in Necromancy
 63552 | Crypt:3  | Found a staircase to the Tomb.
 64307 | Depths:1 | Found a gateway to Hell.
 64709 | Depths:1 | Reached XP level 24. HP: 172/182 MP: 16/38
 65380 | Depths:2 | Upgraded the game from 0.20-a0-1000-g0e8f6bb to 0.20-a0-1006-ge6c5631
 65986 | Depths:2 | Noticed a juggernaut
 66032 | Depths:2 | Killed a juggernaut
 66242 | Depths:2 | Noticed a caustic shrike
 66267 | Depths:1 | Killed a caustic shrike
 66868 | Depths:2 | Reached skill level 15 in Necromancy
 66896 | Depths:2 | Found Sawu Kir's Jewellery Emporium.
 67705 | Depths:3 | Noticed a greater mummy
 67713 | Depths:3 | Killed a greater mummy
 67774 | Depths:3 | Noticed a greater mummy
 67780 | Depths:3 | Killed a greater mummy
 67780 | Depths:3 | Reached XP level 25. HP: 167/186 MP: 18/38
 67854 | Depths:3 | Noticed a greater mummy
 67864 | Depths:3 | Killed a greater mummy
 68084 | Depths:3 | Identified the cursed ring of Fedhas's Hope {*Slow rElec rN++ AC-2 Dex+4}
 68112 | Depths:3 | Found Yrphee's Food Boutique.
 68850 | Depths:3 | Found a one-way gate leading to the halls of Pandemonium.
 69167 | Depths:4 | Found Gozag's Assorted Antiques.
 69172 | Depths:4 | Found an opulent altar of Gozag.
 69175 | Depths:4 | Found Gozag's Assorted Antiques.
 69544 | Depths:4 | Reached skill level 10 in Shields
 69609 | Depths:4 | Found Gozag's Antique Armour Emporium.
 69773 | Depths:4 | Found a one-way gate to the infinite horrors of the Abyss.
 69788 | Depths:4 | Noticed Mara
 69791 | Depths:4 | Noticed nubinia's illusion
 69805 | Depths:4 | Killed Mara
 70141 | Depths:5 | Entered Level 5 of the Depths
 70746 | Depths:5 | Noticed a juggernaut
 70833 | Depths:5 | Killed a juggernaut
 71163 | Depths:5 | Found a shattered altar of Ashenzari.
 71609 | Depths:5 | Reached skill level 10 in Dodging
 71614 | Depths:5 | Found a gate to the Realm of Zot.
 71621 | Depths:5 | Reached XP level 26. HP: 194/197 MP: 9/39
 72562 | Orc:2    | Bought a book of Geomancy for 420 gold pieces
 72568 | Orc:2    | Learned a level 5 spell: Lee's Rapid Deconstruction
 72572 | Orc:2    | Learned a level 2 spell: Passwall
 72748 | Elf:3    | Learned a level 1 spell: Apportation
 72986 | Lair:2   | Reached skill level 1 in Earth Magic
 73128 | Slime:1  | Entered Level 1 of the Pits of Slime
 73177 | Slime:1  | Reached skill level 5 in Earth Magic
 73381 | Slime:2  | Found a viscous altar of Jiyva.
 73781 | Slime:5  | Entered Level 5 of the Pits of Slime
 73884 | Slime:5  | Noticed the Royal Jelly
 73951 | Slime:4  | Reached skill level 10 in Earth Magic
 74025 | Slime:5  | Noticed Donald
 74039 | Slime:4  | Killed Donald
 74204 | Slime:5  | Gained mutation: You are frail. (-10% HP) [a shining eye]
 74220 | Slime:4  | Lost mutation: You are frail. (-10% HP) [potion of mutation]
 74220 | Slime:4  | Lost mutation: Your flesh is cold resistant. (rC+) [potion of mutation]
 74220 | Slime:4  | Gained mutation: You are clumsy. (Dex -2) [potion of mutation]
 74220 | Slime:4  | Gained mutation: You are partially covered in iridescent scales. (AC +2) [potion of mutation]
 74220 | Slime:4  | Gained mutation: You have a pair of small horns on your head. [potion of mutation]
 74220 | Slime:4  | Gained mutation: Your system is resistant to poisons. (rPois) [potion of mutation]
 74221 | Slime:4  | Lost mutation: You have a pair of small horns on your head. [potion of mutation]
 74221 | Slime:4  | Lost mutation: You are clumsy. (Dex -2) [potion of mutation]
 74221 | Slime:4  | Lost mutation: Your system is resistant to poisons. (rPois) [potion of mutation]
 74221 | Slime:4  | Lost mutation: You have large cloven feet. [potion of mutation]
 74221 | Slime:4  | Lost mutation: You are partially covered in thin metallic scales. (AC +2) [potion of mutation]
 74221 | Slime:4  | Gained mutation: You are partially covered in large bone plates. (SH +4) [potion of mutation]
 74221 | Slime:4  | Gained mutation: You have sharp toenails. [potion of mutation]
 74221 | Slime:4  | Gained mutation: You have a pair of small antennae on your head. [potion of mutation]
 74221 | Slime:4  | Gained mutation: You are partially covered in thin metallic scales. (AC +2) [potion of mutation]
 74986 | Slime:5  | Identified the ring "Bimo" {Ice *Drain +Inv Slay+6}
 74990 | Slime:5  | Identified the +3 plate armour "Tyfi" {rC- Int+4 Dex+9}
 74990 | Slime:5  | Found a viscous altar of Jiyva.
 74991 | Slime:5  | Identified the cursed +3 broad axe of Inowud {drain, rPois rC+ Str+2}
 74996 | Slime:5  | Identified the +3 chain mail "Iloaz" {Dex+5 Slay+4}
 74998 | Slime:5  | Got a slimy rune of Zot
 76393 | Slime:5  | Identified the +6 shortbow of Xoezoh {flame, MR++}
 76447 | Slime:5  | Identified the +1 leather armour of Awe {rC+}
 77108 | Depths:4 | Voluntarily entered the Abyss.
 77225 | Abyss:1  | Upgraded the game from 0.20-a0-1006-ge6c5631 to 0.20-a0-1008-g0de3dc5
 77255 | Abyss:1  | Identified the +2 shield of the Learner {rElec}
 77676 | Depths:4 | Escaped the Abyss
 78024 | Vaults:5 | Entered Level 5 of the Vaults
 78744 | Vaults:5 | Identified the +4 scale mail of Jecvi {Str+8 SInv} (You took it off a vault guard on level 5 of the Vaults)
 79530 | Lair:2   | Learned a level 4 spell: Control Undead
 79985 | Vaults:4 | Reached XP level 27. HP: 157/203 MP: 10/39
 80722 | Vaults:5 | Noticed Mennas
 80741 | Vaults:5 | Killed Mennas
 80753 | Vaults:5 | Identified the +9 war axe of Urgency {chop, Int+2} (You took it off a tengu reaver on level 5 of the Vaults)
 81115 | Vaults:5 | Got a silver rune of Zot
 81161 | Vaults:5 | Identified the cursed +0 dagger of Heorum {speed, rPois rF- MP+9}
 81186 | Vaults:5 | Identified the Tome of the Mutagenic Glacier
 81394 | Vaults:5 | Identified the cursed -2 pair of boots "Suvvon" {Str+3} (You acquired it on level 5 of the Vaults)
 81617 | Vaults:5 | Learned a level 3 spell: Ozocubu's Armour
 81623 | Vaults:5 | Identified the Almanac of Self-Knowledge
 81949 | Vaults:5 | Identified the amulet of Knowledge {rF+ MR+ Regen+ MP+9} (You took it off a yaktaur captain on level 5 of the Vaults)
 82035 | Vaults:5 | Identified the cursed +0 trident of Prescription {freeze, rF- MR++ Dex+4 SInv} (You took it off a deep elf mage on level 5 of the Vaults)
 82049 | Vaults:5 | Identified the Disquisition on the Supportive Traveller
 82228 | Vaults:5 | Identified the ring "Evehecak" {rCorr rElec MP+9 Int+6} (You took it off an ironbrand convoker on level 5 of the Vaults)
 82728 | Vaults:5 | Noticed Frederick
 82741 | Vaults:5 | Killed Frederick
 83200 | Zot:1    | Entered Level 1 of the Realm of Zot
 83510 | Zot:1    | Reached skill level 10 in Ice Magic
 83543 | Zot:1    | Reached skill level 10 in Summonings
 83922 | Zot:2    | Reached skill level 10 in Stealth
 84019 | Zot:2    | Noticed an orb of fire
 84198 | Zot:2    | Killed from afar by a green draconian stormcaller

Vault maps used:
D:1:      shiori_shiawase
D:2:      bloody_trog, serial_curves, eino_curves_02, eino_curves_02,
          eino_curves_01, eino_curves_01, first_bread, uniq_crazy_yiuf_cottage
D:4:      serial_shops, shop, uniq_blork_the_orc
D:5:      nicolae_temple_entry_ecumenical, uniq_pikel, uniq_iyjb
D:6:      gup_sewer_entry_bowl, serial_curves, eino_curves_01, eino_curves_03,
          eino_curves_02
D:8:      hangedman_pestilent_swarm, uniq_psyche, uniq_erica,
          uniq_prince_ribbit1, uniq_joseph
D:9:      serial_shops, shop
D:10:     minmay_bloctagon, hiddenorc2_lemuel
D:11:     erik_lair_orcish_takeover, special_room, uniq_josephine, uniq_erolcha
D:12:     cheibrodos_wizards_tower, nemelex_xobeh_ov_fountains_minmay
D:14:     grunt_vaults_entry_tiered, nicolae_gozag_zags_fifth_avenue,
          xom_redecorated
D:15:     grunt_enter_depths_magical_seal, minmay_misc_feat_encased,
          serial_glass, glass_columns_c, glass_columns_a
Temple:   kilobyte_greek_temple
Lair:1:   lemuel_fruit_fields, serial_bayou_shore_b
Lair:2:   minmay_swamp_entry_reptiles, minivault_11, minmay_lair_oklob_chamber,
          serial_bayou_shore_b, serial_bayou_shore_a, uniq_fannar
Lair:3:   minmay_snake_entry_guardpost_large, basic_altar, beast_lair_carwin_5,
          infiniplex_staircase_pool_2, lemuel_fruit_tree
Lair:4:   dpeg_oklob_gauntlet, grunt_megastairs_4, uniq_nessos
Lair:5:   dpeg_slime_entry_corner, basic_altar, hibernation_bobbens
Lair:6:   hangedman_lair_in_review, nicolae_volcano_entry_batcave
Swamp:1:  evilmike_swamp_ruin_house_3
Swamp:2:  hangedman_swamp_ruin_hall
Swamp:3:  evilmike_swamp_ruin_wall
Swamp:4:  swamp_pestilence
Snake:1:  serial_shops, nicolae_shop_behind_doors
Snake:2:  nicolae_snake_double_loop
Snake:3:  guppyfry_library_mini, serial_bayou_shore_b
Snake:4:  grunt_snake_rune_serpentine_throne
Slime:2:  basic_altar, uniq_dissolution
Slime:3:  cheibrodos_slime_lost_civilization_4
Slime:5:  uniq_donald
Orc:1:    nicolae_orc_stony_grotto
Orc:2:    grunt_orc_gardens, grunt_orc_garden, grunt_orc_garden,
          grunt_orc_garden, grunt_orc_garden, lab_entry_generic
Elf:1:    minmay_elf_sorcery
Elf:2:    enter_trove_3
Elf:3:    minmay_elf_hall_x, portal_ice_cave_entry_pillars_1, uniq_aizul
Vaults:1: serial_ice_b, grunt_vaults_funnel, v_misc_11,
          ontoclasm_vaults_misaligned, vaults_room_grunt_arrival_checkpoint,
          nicolae_vaults_little_squares_5, nicolae_vaults_what_the_h, v_rooms_1,
          ontoclasm_vaults_chip, vaults_room_pools,
          nicolae_vaults_specimen_jars, uniq_jorgrun
Vaults:2: nicolae_vaults_quartermaster, nicolae_vaults_circle_grid_a,
          minmay_crypt_entry_vampire_xt, dpeg_vaults_monster_row,
          ontoclasm_vaults_ring_large, nicolae_vaults_shelves_hall,
          hangedman_vaults_slice, v_misc_25, v_misc_31, v_misc_12,
          nicolae_vaults_network_quinsquares, ontoclasm_vaults_tryst, v_misc_29,
          vaults_mumra_lcd, serial_shops, shop_statue
Vaults:3: v_misc_24, nicolae_vaults_back_hallway, v_misc_25,
          vaults_mumra_chevron_long, ontoclasm_vaults_fault,
          ontoclasm_vaults_idyll, nicolae_vaults_diagonal_hallway_8,
          vaults_dpeg_ring, nicolae_vaults_little_ls,
          nicolae_vaults_network_barrier, ontoclasm_vaults_decontamination,
          v_misc_16, v_misc_11, v_misc_9, vaults_room_pools,
          grunt_vaults_diagonal, v_pattern_4, grunt_vaults_twisty,
          vaults_room_pools
Vaults:4: hangedman_vaults_river_flow, v_rooms_3, dpeg_vaults_monster_box,
          ontoclasm_vaults_misaligned, vaults_room_boxed, v_misc_22,
          hangedman_vaults_capsules, nicolae_vaults_asterisk,
          nicolae_vaults_mini_display_case, v_misc_22,
          nicolae_vaults_little_squares_4, nicolae_vaults_theta
Vaults:5: uniq_frederick, uniq_mennas
Crypt:2:  st_stairs_6
Crypt:3:  lightli_unholy_cathedral, tomb_entry_sphere_bobbens
Depths:1: enter_ziggurat_a, grunt_hell_entry_dis_old, evilmike_minifort,
          roderic_lattice_octagonal_star, minmay_shop_grove
Depths:2: minmay_central_circle, hell_entry, minmay_misc_feat_doors,
          serial_shops, nicolae_shop_stone, kennysheep_potato
Depths:3: minmay_guarded_unrand_sceptre_of_torment, pf_coc_iceberg,
          minmay_misc_feat_columns, rand_demon_pan_entry_1, serial_shops, shop
Depths:4: kennysheep_gozag_temple, abyss_entry, glass_columns_a,
          lightli_too_deep, serial_column_ruins, column_ruins_portal_squares,
          column_ruins_hut, column_ruins_grid_1, column_ruins_grid_4,
          column_ruins_open_medium, column_ruins_grid_1,
          infiniplex_staircase_river, uniq_mara
Depths:5: grunt_zot_entry_tricorne, rand_demon_pan_entry_8, hell_entry,
          evilmike_ruin_ashenzari
Zot:2:    grunt_deathspiral_small, hangedman_swamp_dais
Abyss:1:  minivault_28
Lab:      labyrinth_hidden_loot, nicolae_lab_statue
Trove:    trove_jewel_1
Sewer:    sewer_big_baddie
IceCv:    ice_cave_small_demon
Volcano:  volcano_lake

Skill      XL: |  1  2  3  4  5  6  7  8  9 10 11 12 13 14 15 16 17 18 19 20 21 22 23 24 25 26 27 |
---------------+----------------------------------------------------------------------------------+-----
Spellcasting   | 5 6 7 8 9 10 11 12 | 12.4
Armour         | 1 3 4 5 6 8 10 | 10.1
Conjurations   | 2 3 4 5 7 8 9 10 11 12 13 | 13.1
Stealth        | 3 4 5 6 7 8 9 10 | 10.4
Poison Magic   | 1 2 3 4 6 7 |  7.7
Air Magic      | 1 2 3 4 5 7 8 |  8.2
Necromancy     | 1 3 4 7 9 10 11 12 13 14 15 | 15.0
Fighting       | 1 2 3 4 5 7 9 10 11 12 13 | 13.7
Dodging        | 4 5 6 7 8 9 10 | 10.6
Long Blades    | 1 3 6 8 9 5 0 |  0.0
Evocations     | 1 2 7 9 |  9.6
Shields        | 3 5 9 10 11 | 11.8
Fire Magic     | 1 2 3 9 |  9.0
Hexes          | 2 9 10 8 |  8.8
Throwing       | 3 |  3.1
Unarmed Combat | 3 8 |  8.0
Charms         | 3 8 10 | 10.5
Translocations | 3 |  3.9
Ice Magic      | 3 8 10 9 6 10 | 10.0
Transmutations | 2 8 |  8.8
Summonings     | 9 5 6 7 10 | 10.1
Short Blades   | 9 11 | 11.7
Earth Magic    | 11 | 11.8

Action                   |  1- 3 |  4- 6 |  7- 9 | 10-12 | 13-15 | 16-18 | 19-21 | 22-24 | 25-27 || total
-------------------------+-------+-------+-------+-------+-------+-------+-------+-------+-------++-------
Melee: Club              |    21 |     1 |       |       |       |       |       |       |       ||    22
       Quarterstaff      |       |    70 |       |       |       |       |       |       |       ||    70
       Bite              |       |     5 |    21 |    74 |   103 |   184 |   150 |   203 |   309 ||  1049
       Long sword        |       |    20 |   223 |   717 |   969 |  1092 |       |       |       ||  3021
       Rapier            |       |       |       |       |       |   518 |  1640 |  1516 |  2340 ||  6014
 Cast: Magic Dart        |    68 |    89 |   132 |   238 |   235 |   107 |    51 |    23 |    20 ||   963
       Animate Skeleton  |     2 |    26 |    23 |    18 |    32 |    29 |    41 |    33 |    33 ||   237
       Mephitic Cloud    |       |     3 |    24 |    61 |    97 |    89 |    46 |    14 |    27 ||   361
       Conjure Flame     |       |       |     2 |    12 |     7 |     5 |     4 |     4 |       ||    34
       Animate Dead      |       |       |       |    48 |    97 |   102 |    83 |    47 |    86 ||   463
       Vampiric Draining |       |       |       |     9 |    76 |    74 |    17 |    36 |    61 ||   273
       Blink             |       |       |       |     1 |       |     2 |       |       |       ||     3
       Control Undead    |       |       |       |    10 |       |       |       |       |     5 ||    15
       Dazzling Spray    |       |       |       |       |    19 |    13 |     1 |       |     2 ||    35
       Cause Fear        |       |       |       |       |     3 |       |       |       |       ||     3
       Airstrike         |       |       |       |       |    96 |   263 |   187 |   200 |   155 ||   901
       Ignite Poison     |       |       |       |       |     2 |    26 |     7 |       |       ||    35
       Bolt of Draining  |       |       |       |       |       |     1 |    79 |    56 |   137 ||   273
       Swiftness         |       |       |       |       |       |       |     2 |     1 |       ||     3
       Sticks to Snakes  |       |       |       |       |       |       |     1 |     5 |    13 ||    19
       Dispel Undead     |       |       |       |       |       |       |       |   164 |    29 ||   193
       Regeneration      |       |       |       |       |       |       |       |     2 |    17 ||    19
       Summon Lightning  |       |       |       |       |       |       |       |    10 |    29 ||    39
       Lee's Rapid Decon |       |       |       |       |       |       |       |       |    58 ||    58
       Passwall          |       |       |       |       |       |       |       |       |     7 ||     7
       Ozocubu's Armour  |       |       |       |       |       |       |       |       |     5 ||     5
Invok: Curse Item        |       |       |     5 |     2 |     1 |     2 |     1 |     3 |     3 ||    17
       Scrying           |       |       |       |       |       |     1 |       |       |       ||     1
       Transfer Knowledg |       |       |       |       |       |     2 |     3 |       |     1 ||     6
 Abil: Evoke Flight      |       |       |     1 |       |     5 |     4 |       |       |       ||    10
       Evoke Blink       |       |       |       |       |       |       |       |     7 |     1 ||     8
       Evoke Invisibilit |       |       |       |       |       |       |       |       |     1 ||     1
Evoke: Wand              |       |       |       |    10 |    83 |    78 |    14 |    46 |    22 ||   253
       Lightning rod     |       |       |       |     7 |    12 |     6 |    11 |    15 |     6 ||    57
       Sack of spiders   |       |       |       |     1 |       |       |       |       |       ||     1
       Lamp of fire      |       |       |       |       |       |     5 |     4 |     7 |     7 ||    23
       Box of beasts     |       |       |       |       |       |     1 |       |       |     1 ||     2
       Phial of floods   |       |       |       |       |       |       |       |     1 |     4 ||     5
       Phantom mirror    |       |       |       |       |       |       |       |       |     1 ||     1
  Use: Scroll            |     1 |     1 |     5 |    15 |    16 |    17 |    15 |     8 |    20 ||    98
       Potion            |       |     3 |     3 |     1 |     6 |     7 |     1 |     9 |     8 ||    38
 Stab: Sleeping          |     1 |     6 |     1 |     4 |     9 |    26 |    52 |    24 |    31 ||   154
       Distracted        |       |     1 |     1 |     6 |    12 |    19 |    12 |    10 |    46 ||   107
       Confused          |       |       |    13 |    67 |    73 |    44 |    31 |    18 |    26 ||   272
       Paralysed         |       |       |       |       |     4 |       |       |       |       ||     4
       Petrified         |       |       |       |       |     5 |       |       |       |       ||     5
       Invisible         |       |       |       |       |       |     4 |       |       |       ||     4
       Petrifying        |       |       |       |       |       |       |       |     2 |       ||     2
  Eat: Chunk             |     2 |     6 |    11 |    25 |    43 |    35 |    54 |    31 |    36 ||   243
       Fruit             |       |       |       |     2 |     4 |    20 |     3 |    11 |     4 ||    44
       Royal jelly       |       |       |       |       |     2 |     1 |     1 |     3 |     4 ||    11
       Meat ration       |       |       |       |       |     1 |     1 |       |       |     2 ||     4
       Bread ration      |       |       |       |       |       |     1 |       |     1 |       ||     2
Armor: Robe              |     3 |    16 |     2 |       |       |       |       |       |       ||    21
       Leather armour    |       |       |    94 |   122 |   181 |   265 |   147 |   225 |   380 ||  1414
Dodge: Dodged            |    26 |    71 |   159 |   310 |   541 |   522 |   328 |   386 |   698 ||  3041
Block: Buckler           |       |       |       |    88 |   240 |     6 |       |       |       ||   334
       Large shield      |       |       |       |       |       |  1500 |  1228 |  1150 |  2229 ||  6107
       Reflection        |       |       |       |       |       |    34 |   129 |    31 |       ||   194
       Rpst.: Long sword |       |     4 |    39 |    82 |   148 |    81 |       |       |       ||   354
